 Dungeon Crawl Stone Soup version 0.25-a0-110-ge29c8f2358 (webtiles) character file.

Game seed: 12547888755691913198, levelgen mode: deterministic

75602 Ijustatesigmund the Blocker (level 15, -14/120 HPs)
             Began as a Gnoll Fighter on Nov 18, 2019.
             Was the Champion of Okawaru.
             Demolished by Rupert
             ... wielding a +2 great mace of crushing
              (18 damage)
             ... on level 6 of the Lair of Beasts on Nov 19, 2019.
             The game lasted 00:58:54 (27989 turns).

Ijustatesigmund the Blocker (Gnoll Fighter)        Turns: 27989, Time: 00:58:57

Health: -14/120    AC: 24    Str: 25    XL:     15   Next: 50%
Magic:  32/37      EV: 21    Int: 16    God:    Okawaru [******]
Gold:   755        SH: 16    Dex: 20    Spells: 27/33 levels left

rFire    . . .     SeeInvis .   q - +8 morningstar "Dragonbane" {protect, rPois rC+ MP+9 Str+3}
rCold    + + +     Gourm    .   c - +0 shield
rNeg     . . .     Faith    .   b - +0 chain mail of Beauty {rPois rCorr Str+4}
rPois    +         Spirit   .   M - +3 helmet "Bijifum" {rC+ Dex+4 Stlth+}
rElec    .         Reflect  .   E - +1 cloak {+Inv}
rCorr    +         Harm     .   L - +1 pair of gloves
MR       +....                  (no boots)
Stlth    ++++......             (no amulet)
HPRegen  0.30/turn              N - +2 ring of evasion
MPRegen  0.25/turn              S - ring of protection from cold

@: heroism, finesse
A: distributed training, fangs 1, strong nose
a: Heroism, Finesse, Renounce Religion, Evoke Invisibility


You were on level 6 of the Lair of Beasts.
You worshipped Okawaru.
Okawaru was exalted by your worship.
You were not hungry.

You visited 3 branches of the dungeon, and saw 22 of its levels.
You visited 1 bazaar.
You also visited: Ice Cave.

You collected 1478 gold pieces.
You spent 723 gold pieces at shops.

Inventory:

Hand Weapons
 a - a +4 flail of protection
 q - the +8 morningstar "Dragonbane" (weapon) {protect, rPois rC+ MP+9 Str+3}
   (You bought it in a shop in a bazaar)

   It grants its wielder temporary protection when it strikes (+7 to AC).
   It affects your strength (+3).
   It protects you from cold.
   It protects you from poison.
   It affects your magic capacity (+9).
 O - a +0 demon whip
Missiles
 m - 5 curare-tipped darts (quivered)
Armour
 b - the +0 chain mail of Beauty (worn) {rPois rCorr Str+4}
   (You found it on level 8 of the Dungeon)

   It affects your strength (+4).
   It protects you from poison.
   It provides partial protection from all sources of acid and corrosion.
 c - a +0 shield (worn)
 o - a scarf of resistance
 z - the +4 plate armour "Raqawn" {Regen+ Str+8 Int-3}
   (You found it on level 5 of the Lair of Beasts)

   It affects your strength (+8).
   It affects your intelligence (-3).
   It increases your rate of regeneration.
 E - a +1 cloak of invisibility (worn)
 L - a +1 pair of gloves (worn)
 M - the +3 helmet "Bijifum" (worn) {rC+ Dex+4 Stlth+}
   (You acquired it on level 11 of the Dungeon)

   It affects your dexterity (+4).
   It protects you from cold.
   It makes you more stealthy.
Jewellery
 d - the ring "Uxzuresk" {*Tele +Fly rF- Int+2 Dex+9}
   (You bought it in a shop in a bazaar)

   [ring of teleportation]

   It may teleport you next to monsters.
   It affects your intelligence (+2).
   It affects your dexterity (+9).
   It makes you vulnerable to fire.
   It lets you fly.
 h - an uncursed ring of flight
 D - an uncursed ring of resist corrosion
 N - a +2 ring of evasion (left hand)
 R - an uncursed ring of positive energy
 S - a ring of protection from cold (right hand)
 T - a +4 ring of strength
Wands
 g - a wand of iceblast (19)
 i - a wand of scattershot (8)
 k - a wand of disintegration (38)
 n - a wand of polymorph (28)
 r - a wand of random effects (22)
 s - a wand of flame (40)
 y - a wand of digging (6)
 K - a wand of acid (3)
Scrolls
 t - 3 scrolls of remove curse
 u - 3 scrolls of enchant armour
 B - a scroll of summoning
 G - a scroll of enchant weapon
 I - a scroll of brand weapon
 P - a scroll of teleportation
 Q - 6 scrolls of identify
Potions
 e - a potion of brilliance
 j - 4 potions of curing
 l - 5 potions of lignification
 p - 2 potions of resistance
 v - 5 potions of magic
 w - a potion of might
 x - a potion of ambrosia
 A - 2 potions of heal wounds
 C - 2 potions of haste
 F - 3 potions of invisibility
 H - a potion of flight
 J - 2 potions of cancellation
Comestibles
 f - 14 rations


   Skills:
 + Level 11.7(16.7) Fighting
 + Level 9.9(14.9) Short Blades
 + Level 9.9(14.9) Long Blades
 + Level 9.9(14.9) Axes
 + Level 10.9(15.9) Maces & Flails
 + Level 9.9(14.9) Polearms
 + Level 9.9(14.9) Staves
 + Level 9.9(14.9) Slings
 + Level 9.9(14.9) Bows
 + Level 9.9(14.9) Crossbows
 + Level 9.9(14.9) Throwing
 + Level 11.7(16.7) Armour
 + Level 9.9(14.9) Dodging
 + Level 9.9(14.9) Stealth
 + Level 11.7(16.7) Shields
 + Level 9.9(14.9) Unarmed Combat
 + Level 9.9 Spellcasting
 + Level 8.3 Conjurations
 + Level 8.3 Hexes
 + Level 8.3 Charms
 + Level 8.3 Summonings
 + Level 8.3 Necromancy
 + Level 8.3 Translocations
 + Level 8.3 Transmutations
 + Level 8.3 Fire Magic
 + Level 8.3 Ice Magic
 + Level 8.3 Air Magic
 + Level 8.3 Earth Magic
 + Level 8.3 Poison Magic
 + Level 10.8 Invocations
 + Level 9.9 Evocations


You had 27 spell levels left.
You knew the following spells:

 Your Spells              Type           Power        Failure   Level  Hunger
a - Magic Dart            Conj           ####         1%          1    None
b - Summon Butterflies    Summ           ####....     1%          1    None
c - Apportation           Tloc           ####..       1%          1    None
d - Lesser Beckoning      Tloc           ####......   3%          3    None

Your spell library contained the following spells:

 Spells                   Type           Power        Failure   Level  Hunger
 Confusing Touch          Hex            ####..       1%          1    None
 Poisonous Vapours        Pois/Air       ####..       1%          2    None
 Searing Ray              Conj           ####..       1%          2    None
 Confuse                  Hex            ####....     3%          3    None
 Conjure Flame            Conj/Fire      ####....     3%          3    None
 Dazzling Spray           Conj/Hex       ####..       3%          3    None
 Gell's Gravitas          Tloc           ####......   3%          3    None
 Mephitic Cloud           Conj/Pois/Air  ####....     3%          3    None
 Tukima's Dance           Hex            ####....     3%          3    None
 Force Lance              Conj/Tloc      ####....     11%         4    ###....
 Fulminant Prism          Conj/Hex       ####......   11%         4    ###....
 Ice Form                 Ice/Tmut       ####....     11%         4    ###....
 Iskenderun's Mystic Bla  Conj           ####....     11%         4    ###....
 Petrify                  Tmut/Erth      ####....     11%         4    ###....
 Alistair's Intoxication  Tmut/Pois      ####....     30%         5    #####..
 Metabolic Englaciation   Hex/Ice        ####......   30%         5    #####..
 Yara's Violent Unravell  Hex/Tmut       ####......   30%         5    #####..
 Bolt of Cold             Conj/Ice       ####......   86%         6    ######.
 Freezing Cloud           Conj/Ice/Air   ####......   86%         6    ######.
 Invisibility             Hex            ####....     86%         6    ######.
 Ozocubu's Refrigeration  Ice            ####......   86%         6    ######.
 Simulacrum               Ice/Necr       ####......   86%         6    ######.
 Ring of Flames           Chrm/Fire      ####......   100%        7    #######


Dungeon Overview and Level Annotations

Branches:
Dungeon (15/15)            Temple (1/1) D:6            Lair (6/6) D:11
  Swamp (0/4) Lair:3       Spider (0/4) Lair:3        Slime (0/5) Lair:5
    Orc (0/2) D:11         Vaults (0/5) D:14         Depths (0/5) D:15
  IceCv (visited)

Altars:
Ashenzari
Cheibriados
Elyvilon
Fedhas
Hepliaklqana
Kikubaaqudgha
Nemelex Xobeh
Okawaru
Qazlal
Ru
Vehumet
Yredelemnul
Zin
The Shining One
Jiyva

Shops:
D:6 (   D:8 }

Annotations:
Lair:6 Rupert


Innate Abilities, Weirdness & Mutations

Your experience applies equally to all skills.
You have very sharp teeth.
Your uncanny sense of smell can sniff out nearby items.


Message History

The hornet stings you.
* * * LOW HITPOINT WARNING * * *
The water moccasin bites you but does no damage. x2
You can move again.
Okay, then.
You feel better.
Rupert hits you with a +2 great mace of crushing.
* * * LOW HITPOINT WARNING * * *
x2 You block the hornet's attack.
The spiny frog completely misses you.
You block the water moccasin's attack. x2; You block the hornet's attack.
Rupert completely misses you. The spiny frog completely misses you.
The water moccasin completely misses you.
The water moccasin misses you.
As you read the scroll of fear, it crumbles to dust.
You assume a fearsome visage.
The hornet looks frightened!
Rupert resists with some effort.
The spiny frog looks frightened!
The water moccasin looks frightened! x2
You feel yourself speed up.
Rupert hits you with a +2 great mace of crushing!!
You die...

..P.## #.....#
#####......} .
##........... ..
#............ ..
#....#....P.# ....
#...S@S..##. .......#.
##..#.@F#.... ........
#.............. .......
##.#.y#...........#..P.
##.#...###.....##.....
##.#...# ..#..#...#$.
##.#### #...#.#.....
##.#####.#..#[.....
##F##.#...P...l...
##y##...%.P....$.


You could see Rupert (berserk), a spiny frog (fleeing), a hornet (fleeing) and 2
water moccasins.

Vanquished Creatures
  Josephine (Lair:4)
  A yaktaur captain (D:15)
  Erolcha (D:11)
  An ogre mage (D:14)
  3 centaur warriors (D:15)
  8 hydras
  3 two-headed ogres (D:13)
  A tengu warrior (D:14)
  A skeletal warrior (D:14)
  3 unseen horrors
  2 necromancers
  Pikel (D:5)
  An orc knight (D:14)
  8 ugly things
  3 deep elf magi (D:14)
  4 cyclopes
  2 manticores
  2 oklob plants (Lair:1)
  2 ice statues
  9 elephants
  Psyche (D:8)
  8 spiny frogs
  Maurice (D:8)
  3 black mambas
  3 gargoyles
  2 torpor snails
  3 rime drakes
  A kobold demonologist (D:13)
  The ghost of Conn the Sneak, a novice OpFE of Sif Muna (D:5)
  4 komodo dragons
  10 freezing wraiths (IceCv)
  A yaktaur (D:15)
  A harpy zombie (D:14)
  4 jumping spiders (Lair:3)
  A wind drake (shapeshifter) (D:14)
  4 trolls
  A merfolk (D:9)
  A polar bear (Lair:6)
  4 dream sheep (Lair:5)
  3 tyrant leeches (Lair:3)
  A hornet (Lair:6)
  4 slime creatures (D:13)
  16 blink frogs
  12 hippogriffs
  2 meliai zombies
  A redback (Lair:3)
  A vampire (D:14)
  Sigmund (D:3)
  6 wraiths
  A shadow (D:12)
  2 wyverns
  3 water elementals (D:12)
  42 yaks
  2 basilisks
  3 hungry ghosts
  3 vampire mosquitoes (D:15)
  A steam dragon (D:11)
  2 death yak simulacra (IceCv)
  2 acid dragons
  A soldier ant (D:13)
  11 water moccasins
  6 orc warriors
  7 porcupines
  A hornet zombie (D:12)
  2 phantoms
  4 sky beasts
  An eye of draining (D:10)
  10 ice beasts
  14 ogres
  13 wolves
  7 centaurs
  7 big kobolds
  7 crocodiles
  15 bullfrogs
  Blork the orc (D:6)
  2 hornet simulacra (D:14)
  10 killer bees
  4 scorpions
  2 water moccasin skeletons
  4 wights (D:8)
  A swamp dragon simulacrum (IceCv)
  8 electric eels
  6 howler monkeys
  6 centaur zombies
  3 crimson imps
  4 bullfrog zombies
  6 draconian simulacra (IceCv)
  8 hounds
  8 orc priests
  A quasit (D:7)
  11 centaur skeletons
  2 bullfrog skeletons
  6 jellies
  6 iguanas
  14 orc wizards
  A polar bear simulacrum (IceCv)
  9 worker ants
  Natasha (twice) (D:2)
  4 troll simulacra (IceCv)
  A spriggan simulacrum (IceCv)
  3 centaur simulacra (IceCv)
  A hound zombie (D:8)
  A hound skeleton (D:4)
  A howler monkey zombie (D:9)
  4 gnolls (D:4)
  2 ogre simulacra (IceCv)
  8 adders
  4 naga simulacra (IceCv)
  4 shadow imps
  12 white imps (IceCv)
  An ooze (D:2)
  An adder skeleton (D:4)
  2 worms
  2 dart slugs (D:2)
  3 leopard geckos
  56 orcs
  A ball python (D:2)
  3 giant cockroaches
  9 goblins
  6 hobgoblins
  2 jackals (D:3)
  4 quokkas
  3 bats
  6 frilled lizards
  A jackal zombie (D:6)
  53 kobolds
  A quokka zombie (D:7)
  5 rats
  4 plants
658 creatures vanquished.

Vanquished Creatures (collateral kills)
  A black mamba (Lair:2)
  A komodo dragon (Lair:2)
2 creatures vanquished.

Vanquished Creatures (others)
  A shadow (D:12)
  A jelly (D:5)
  An orc wizard (D:3)
  An adder (D:5)
  7 fungi
  28 plants
  A withered plant (D:5)
40 creatures vanquished.

Grand Total: 700 creatures vanquished

Notes
Turn   | Place    | Note
-------+----------+-------------------------------------------
     0 | D:1      | Ijustatesigmund the Gnoll Fighter began the quest for the
                  | Orb.
     0 | D:1      | Reached XP level 1. HP: 23/23 MP: 1/1
   159 | D:1      | Reached XP level 2. HP: 19/29 MP: 2/2
   918 | D:2      | Reached XP level 3. HP: 35/35 MP: 3/3
  1086 | D:2      | Reached skill level 1 in Invocations
  1205 | D:2      | Noticed Natasha
  1211 | D:2      | Killed Natasha
  1211 | D:2      | Reached skill level 1 in Short Blades
  1211 | D:2      | Reached skill level 1 in Long Blades
  1211 | D:2      | Reached skill level 1 in Axes
  1211 | D:2      | Reached skill level 1 in Polearms
  1211 | D:2      | Reached skill level 1 in Staves
  1211 | D:2      | Reached skill level 1 in Slings
  1211 | D:2      | Reached skill level 1 in Bows
  1211 | D:2      | Reached skill level 1 in Crossbows
  1211 | D:2      | Reached skill level 1 in Throwing
  1211 | D:2      | Reached skill level 1 in Dodging
  1211 | D:2      | Reached skill level 1 in Stealth
  1211 | D:2      | Reached skill level 1 in Unarmed Combat
  1211 | D:2      | Reached skill level 1 in Spellcasting
  1211 | D:2      | Reached skill level 1 in Evocations
  1211 | D:2      | Reached XP level 4. HP: 31/41 MP: 5/5
  1599 | D:2      | Noticed Natasha
  1606 | D:2      | Killed Natasha
  1606 | D:2      | Reached skill level 1 in Conjurations
  1606 | D:2      | Reached skill level 1 in Hexes
  1606 | D:2      | Reached skill level 1 in Charms
  1606 | D:2      | Reached skill level 1 in Summonings
  1606 | D:2      | Reached skill level 1 in Necromancy
  1606 | D:2      | Reached skill level 1 in Translocations
  1606 | D:2      | Reached skill level 1 in Transmutations
  1606 | D:2      | Reached skill level 1 in Fire Magic
  1606 | D:2      | Reached skill level 1 in Ice Magic
  1606 | D:2      | Reached skill level 1 in Air Magic
  1606 | D:2      | Reached skill level 1 in Earth Magic
  1606 | D:2      | Reached skill level 1 in Poison Magic
  1606 | D:2      | Reached XP level 5. HP: 47/47 MP: 6/6
  2200 | D:3      | Found a glowing silver altar of Zin.
  2332 | D:3      | Reached XP level 6. HP: 52/53 MP: 8/8
  2400 | D:3      | Noticed Sigmund
  2413 | D:3      | Killed Sigmund
  2413 | D:3      | Reached skill level 5 in Maces & Flails
  2453 | D:3      | Found a radiant altar of Vehumet.
  2507 | D:3      | Reached XP level 7. HP: 59/59 MP: 10/10
  4463 | D:5      | Entered Level 5 of the Dungeon
  4494 | D:5      | Reached XP level 8. HP: 67/67 MP: 12/12
  4510 | D:5      | Noticed Pikel
  4537 | D:5      | Killed Pikel
  5098 | D:5      | Found a runed translucent door.
  5099 | D:5      | Noticed Conn's ghost (novice OpFE)
  5602 | D:5      | Killed Conn's ghost
  5602 | D:5      | Reached XP level 9. HP: 72/72 MP: 14/14
  6327 | D:6      | Found Ahoxant's Antique Weapon Shoppe.
  6330 | D:6      | Bought a pitted mace for 208 gold pieces
  6330 | D:6      | Identified the +4 mace of Death's Door {protect, Int+3}
                  | (You bought it in a shop on level 6 of the Dungeon)
  6378 | D:6      | Noticed Blork the orc
  6384 | D:6      | Killed Blork the orc
  6508 | D:6      | Got a scorched helmet
  6514 | D:6      | Identified the +0 helmet "Xafeh" {Int+4} (You found it on
                  | level 6 of the Dungeon)
  6550 | D:6      | Found a staircase to the Ecumenical Temple.
  6567 | D:6      | Found a basalt altar of Yredelemnul.
  6575 | Temple   | Entered the Ecumenical Temple
  6595 | Temple   | Became a worshipper of Warmaster Okawaru
  7930 | D:7      | Reached * piety under Okawaru
  8012 | D:7      | Reached skill level 5 in Invocations
  8710 | D:7      | Found a stormy altar of Qazlal.
  8978 | D:8      | Reached XP level 10. HP: 80/80 MP: 17/17
  9286 | D:8      | Got an ancient chain mail
  9292 | D:8      | Identified the +0 chain mail of Beauty {rPois rCorr Str+4}
                  | (You found it on level 8 of the Dungeon)
  9302 | D:8      | Found Adwam's Gadget Shop.
  9387 | D:8      | Found a white marble altar of Elyvilon.
  9426 | D:8      | Noticed Psyche
  9437 | D:8      | Killed Psyche
  9437 | D:8      | Reached ** piety under Okawaru
  9437 | D:8      | Reached skill level 5 in Short Blades
  9437 | D:8      | Reached skill level 5 in Long Blades
  9437 | D:8      | Reached skill level 5 in Axes
  9437 | D:8      | Reached skill level 5 in Polearms
  9437 | D:8      | Reached skill level 5 in Staves
  9437 | D:8      | Reached skill level 5 in Slings
  9437 | D:8      | Reached skill level 5 in Bows
  9437 | D:8      | Reached skill level 5 in Crossbows
  9437 | D:8      | Reached skill level 5 in Throwing
  9437 | D:8      | Reached skill level 5 in Dodging
  9437 | D:8      | Reached skill level 5 in Stealth
  9437 | D:8      | Reached skill level 5 in Unarmed Combat
  9437 | D:8      | Reached skill level 5 in Spellcasting
  9437 | D:8      | Reached skill level 5 in Evocations
  9796 | D:8      | Noticed Maurice
  9812 | D:8      | Paralysed by something for 2 turns
  9824 | D:8      | Killed Maurice
 10194 | D:9      | Got a twisted rapier
 10195 | D:9      | Identified the +5 rapier "Uvvomo" {pierce, rPois rF+ Int+3}
                  | (You found it on level 9 of the Dungeon)
 10448 | D:9      | Reached *** piety under Okawaru
 10521 | D:9      | Found a glowing golden altar of the Shining One.
 10703 | D:9      | Found a shattered altar of Ashenzari.
 11222 | D:10     | Entered Level 10 of the Dungeon
 11423 | D:10     | Noticed a manticore
 11433 | D:10     | Killed a manticore
 11781 | D:10     | Reached XP level 11. HP: 87/87 MP: 19/19
 12003 | D:10     | Reached **** piety under Okawaru
 12011 | D:10     | Received a gift from Okawaru
 12313 | D:10     | Reached skill level 5 in Conjurations
 12313 | D:10     | Reached skill level 5 in Hexes
 12313 | D:10     | Reached skill level 5 in Charms
 12313 | D:10     | Reached skill level 5 in Summonings
 12313 | D:10     | Reached skill level 5 in Necromancy
 12313 | D:10     | Reached skill level 5 in Translocations
 12313 | D:10     | Reached skill level 5 in Transmutations
 12313 | D:10     | Reached skill level 5 in Fire Magic
 12313 | D:10     | Reached skill level 5 in Ice Magic
 12313 | D:10     | Reached skill level 5 in Air Magic
 12313 | D:10     | Reached skill level 5 in Earth Magic
 12313 | D:10     | Reached skill level 5 in Poison Magic
 12428 | D:11     | Found a staircase to the Orcish Mines.
 12615 | D:11     | Noticed Erolcha
 12630 | D:11     | Paralysed by Erolcha for 2 turns
 12640 | D:11     | Killed Erolcha
 12673 | D:11     | Noticed a seven-headed hydra
 12686 | D:11     | Killed a seven-headed hydra
 13037 | D:11     | Received a gift from Okawaru
 13265 | D:11     | Identified a scroll of acquirement
 13268 | D:11     | Got a polished helmet
 13279 | D:11     | Identified the +3 helmet "Bijifum" {rC+ Dex+4 Stlth+} (You
                  | acquired it on level 11 of the Dungeon)
 13353 | D:11     | Reached ***** piety under Okawaru
 13370 | D:11     | Noticed a seven-headed hydra
 13385 | D:11     | Killed a seven-headed hydra
 13923 | D:11     | Found a staircase to the Lair.
 14179 | D:11     | Upgraded the game from 0.25-a0-108-gda8bd6cf83 to
                  | 0.25-a0-110-ge29c8f2358
 14255 | D:12     | Noticed a manticore
 14272 | D:12     | Reached XP level 12. HP: 73/96 MP: 19/22
 14503 | D:12     | Received a gift from Okawaru
 14855 | D:12     | You fall into a shaft and drop 2 floors!
 14885 | D:14     | Noticed a two-headed ogre
 14885 | D:14     | Noticed an ogre mage
 14893 | D:14     | Found a gate to the Vaults.
 14898 | D:14     | Found a flickering gateway to a bazaar.
 14903 | Bazaar   | Entered a bazaar
 14903 | Bazaar   | Found Jufep's Jewellery Shoppe.
 14903 | Bazaar   | Found Rythrib's Antique Weapon Emporium.
 15116 | Bazaar   | Found Niyxiwk's Assorted Antiques.
 15130 | Bazaar   | Found Rilic's Book Emporium.
 15154 | Bazaar   | Bought a flickering jade ring for 95 gold pieces
 15170 | Bazaar   | Bought an encrusted morningstar for 216 gold pieces
 15170 | Bazaar   | Bought a brightly glowing flail for 204 gold pieces
 15171 | Bazaar   | Identified the ring "Uxzuresk" {*Tele +Fly rF- Int+2 Dex+9}
                  | (You bought it in a shop in a bazaar)
 15172 | Bazaar   | Identified the +8 morningstar "Dragonbane" {protect, rPois
                  | rC+ MP+9 Str+3} (You bought it in a shop in a bazaar)
 15173 | Bazaar   | Identified the +3 flail "Kodyses" {drain, -Tele rElec Str+4
                  | Dex+7} (You bought it in a shop in a bazaar)
 15233 | D:15     | Entered Level 15 of the Dungeon
 15456 | D:15     | Noticed a centaur warrior
 15474 | D:15     | Killed a centaur warrior
 15596 | D:13     | Noticed a seven-headed hydra
 15607 | D:13     | Killed a seven-headed hydra
 15758 | D:13     | Noticed a two-headed ogre
 15791 | D:13     | Killed a two-headed ogre
 15903 | D:13     | Reached skill level 10 in Fighting
 15903 | D:13     | Reached skill level 10 in Armour
 15903 | D:13     | Reached skill level 10 in Shields
 16550 | D:12     | Received a gift from Okawaru
 16811 | D:12     | Reached XP level 13. HP: 97/103 MP: 24/24
 17827 | D:14     | Found a sparkling altar of Nemelex Xobeh.
 19041 | D:14     | Received a gift from Okawaru
 19169 | D:14     | Paralysed by an ogre mage for 6 turns
 19511 | D:14     | Paralysed by an ogre mage for 4 turns
 19523 | D:13     | Received a gift from Okawaru
 19836 | D:14     | Killed an ogre mage
 19858 | D:14     | Received a gift from Okawaru
 20072 | D:15     | Received a gift from Okawaru
 20109 | D:15     | Reached XP level 14. HP: 69/111 MP: 26/26
 20681 | D:15     | Found a staircase to the Depths.
 21018 | D:15     | Reached skill level 10 in Maces & Flails
 21261 | Lair:1   | Entered Level 1 of the Lair of Beasts
 21558 | Lair:1   | Received a gift from Okawaru
 21960 | Lair:1   | Identified the cursed +1 chain mail of Xom's Delight {rPois
                  | rN+ Str-4 Int+7} (You found it on level 1 of the Lair of
                  | Beasts)
 22220 | Lair:2   | Reached ****** piety under Okawaru
 22394 | Lair:2   | Received a gift from Okawaru
 22468 | Lair:2   | Learned a level 1 spell: Magic Dart
 22544 | Lair:2   | Reached skill level 10 in Invocations
 23709 | Lair:3   | Found a hole to the Spider Nest.
 24179 | Lair:3   | Found a staircase to the Swamp.
 24716 | Lair:4   | Received a gift from Okawaru
 24733 | Lair:4   | Noticed Josephine
 24744 | Lair:4   | Killed Josephine
 25246 | Lair:4   | Learned a level 1 spell: Summon Butterflies
 25248 | Lair:4   | Learned a level 1 spell: Apportation
 25252 | Lair:4   | Learned a level 3 spell: Lesser Beckoning
 25289 | Lair:4   | Received a gift from Okawaru
 25703 | Lair:5   | Reached XP level 15. HP: 101/119 MP: 28/28
 26483 | Lair:5   | Identified the +4 plate armour "Raqawn" {Regen+ Str+8
                  | Int-3} (You found it on level 5 of the Lair of Beasts)
 26552 | Lair:5   | Found a staircase to the Slime Pits.
 26552 | Lair:5   | Found a viscous altar of Jiyva.
 26921 | Lair:6   | Entered Level 6 of the Lair of Beasts
 27090 | Lair:6   | Found a frozen archway.
 27090 | Lair:6   | Noticed Rupert
 27096 | IceCv    | Entered an ice cave
 27489 | IceCv    | Found an ancient bone altar of Kikubaaqudgha.
 27981 | Lair:6   | Paralysed by Rupert for 7 turns
 27987 | Lair:6   | HP: 3/120 [spiny frog (13)]
 27987 | Lair:6   | HP: 1/120 [hornet (2)]
 27989 | Lair:6   | Demolished by Rupert

Levels and vault maps discovered:
D:1:      sevenhm_arrival_forest_fort_small_5, layout_basic, minmay_quantized
D:2:      layout_basic, first_ration, serial_forest, infiniplex_forest_lined_3,
          infiniplex_forest_lined_ring, infiniplex_forest_clump_long,
          infiniplex_forest_clump_small, uniq_natasha
D:3:      layout_basic, zin_scriptorium, vehumet_crystals, uniq_sigmund
D:4:      kennysheep_kobold_camp, layout_basic, serial_rivers,
          chequers_serial_rivers_large_a, chequers_serial_rivers_micro_a,
          chequers_serial_rivers_micro_b, chequers_serial_rivers_micro_d,
          guppyfry_early_lair_pool, uniq_menkaure
D:5:      layout_basic, gammafunk_ghost_grave, uniq_pikel
D:6:      layout_gridville, lemuel_doored_altar,
          minmay_temple_entry_proselytizer, serial_shops, shop,
          uniq_blork_the_orc
D:7:      layout_gridville, nicolae_qazlal_general_emergency, skrybe_limestone_x
D:8:      layout_loops_cross, nicolae_overflow_crystal_walls, serial_shops,
          shop_statue, uniq_psyche, uniq_maurice
D:9:      layout_loops_corners, cheibrodos_ashenzari_chains,
          hangedman_fish_farm, minivault_4, tso_metal_star
D:10:     layout_gridville, kennysheep_donut
D:11:     layout_roguey, lair_entry_dummy, orc_0_dummy, uniq_erolcha
D:12:     layout_basic, serial_bayou, serial_bayou_pond_b,
          serial_bayou_crossing, serial_bayou_pond_b, serial_bayou_lake_a,
          chequers_serial_rivers_small_3
D:13:     layout_rooms, nicolae_benzene_ring, serial_park_tiny_pond
D:14:     layout_basic, hangedman_vaults_entry_quadrant_bands,
          nemelex_xobeh_ov_fountains_minmay, serial_shops, bzr_in_the_mist,
          minivault_16
D:15:     grunt_enter_depths_snipers, layout_loops_ring,
          chequers_serial_rivers_small_b
Temple:   kb_temple_of_zot
Lair:1:   layout_long_grid, serial_bayou_shore_b, infiniplex_staircase_pool,
          minmay_lair_oklob_chamber
Lair:2:   layout_roguey, grunt_megastairs_1, serial_bayou_shore_a
Lair:3:   layout_loops_ring, minmay_swamp_entry_worms,
          nicolae_spider_entry_tight_spaces
Lair:4:   layout_layer_cave, uniq_josephine
Lair:5:   layout_regular_city, slime_altar_1, minmay_hedge_maze,
          infiniplex_staircase_pool_2
Lair:6:   gammafunk_lair_ancient_temple, layout_loops_ring,
          portal_ice_cave_entry_pillars_1, nicolae_lair_yak_garden, uniq_rupert

Skill      XL: |  1  2  3  4  5  6  7  8  9 10 11 12 13 14 |
---------------+-------------------------------------------+-----
Invocations    | 1 2 3 4 5 6 7 8 9 10 | 10.8
Short Blades   | 1 2 3 4 5 6 7 8 9 |  9.9
Long Blades    | 1 2 3 4 5 6 7 8 9 |  9.9
Axes           | 1 2 3 4 5 6 7 8 9 |  9.9
Polearms       | 1 2 3 4 5 6 7 8 9 |  9.9
Staves         | 1 2 3 4 5 6 7 8 9 |  9.9
Slings         | 1 2 3 4 5 6 7 8 9 |  9.9
Bows           | 1 2 3 4 5 6 7 8 9 |  9.9
Crossbows      | 1 2 3 4 5 6 7 8 9 |  9.9
Throwing       | 1 2 3 4 5 6 7 8 9 |  9.9
Dodging        | 1 2 3 4 5 6 7 8 9 |  9.9
Stealth        | 1 2 3 4 5 6 7 8 9 |  9.9
Unarmed Combat | 1 2 3 4 5 6 7 8 9 |  9.9
Spellcasting   | 1 2 3 4 5 6 7 8 9 |  9.9
Evocations     | 1 2 3 4 5 6 7 8 9 |  9.9
Conjurations   | 1 2 3 4 5 6 7 8 |  8.3
Hexes          | 1 2 3 4 5 6 7 8 |  8.3
Charms         | 1 2 3 4 5 6 7 8 |  8.3
Summonings     | 1 2 3 4 5 6 7 8 |  8.3
Necromancy     | 1 2 3 4 5 6 7 8 |  8.3
Translocations | 1 2 3 4 5 6 7 8 |  8.3
Transmutations | 1 2 3 4 5 6 7 8 |  8.3
Fire Magic     | 1 2 3 4 5 6 7 8 |  8.3
Ice Magic      | 1 2 3 4 5 6 7 8 |  8.3
Air Magic      | 1 2 3 4 5 6 7 8 |  8.3
Earth Magic    | 1 2 3 4 5 6 7 8 |  8.3
Poison Magic   | 1 2 3 4 5 6 7 8 |  8.3
Maces & Flails | 5 6 7 8 9 10 | 10.9
Fighting       | 7 8 9 10 11 | 11.7
Armour         | 7 8 9 10 11 | 11.7
Shields        | 7 8 9 10 11 | 11.7

Action                   |  1- 3 |  4- 6 |  7- 9 | 10-12 | 13-15 || total
-------------------------+-------+-------+-------+-------+-------++-------
Melee: Flail             |    81 |   153 |   169 |       |       ||   403
       Bite              |     3 |    21 |    58 |   154 |   263 ||   499
       Whip              |       |       |    47 |       |       ||    47
       Mace              |       |       |   266 |   697 |       ||   963
       Morningstar       |       |       |       |   184 |  1169 ||  1353
Throw: Dart              |       |     1 |     1 |    19 |     1 ||    22
 Cast: Magic Dart        |       |       |       |       |     8 ||     8
Invok: Heroism           |       |       |       |     9 |     9 ||    18
       Finesse           |       |       |       |       |     4 ||     4
Evoke: Wand              |       |       |     4 |    19 |     7 ||    30
  Use: Scroll            |     5 |     3 |    10 |    14 |    13 ||    45
       Potion            |       |       |     4 |     3 |     5 ||    12
 Stab: Sleeping          |       |       |     7 |       |     4 ||    11
       Distracted        |       |       |       |       |     2 ||     2
  Eat: Chunk             |       |     5 |    16 |    15 |    22 ||    58
       Ration            |       |       |     5 |     3 |     5 ||    13
Armor: Scale mail        |    21 |    20 |   200 |     6 |       ||   247
       Chain mail        |       |       |       |   448 |   541 ||   989
Dodge: Dodged            |    20 |    31 |   225 |   389 |   730 ||  1395
Block: Shield            |    43 |    37 |   329 |   611 |   918 ||  1938

Table legend:
 A = Non-vault XP
 B = Vault XP
 C = Vault XP percentage of total XP
 D = Non-vault monster count
 E = Vault monster count
 F = Vault count percentage of total count
                 A         B        C        D         E       F
            +---------+---------+-------+---------+---------+-------
      Total |   77672 |   30332 |  28.1 |     511 |     147 |  22.3
            +---------+---------+-------+---------+---------+-------
        D:1 |      28 |       4 |  12.5 |      20 |       4 |  16.7
        D:2 |     101 |      33 |  24.6 |      19 |       1 |   5.0
        D:3 |     285 |     220 |  43.6 |      20 |       1 |   4.8
        D:4 |     297 |     135 |  31.2 |      18 |      21 |  53.8
        D:5 |     350 |     996 |  74.0 |      11 |       2 |  15.4
        D:6 |    1050 |     128 |  10.9 |      24 |       2 |   7.7
        D:7 |    1004 |       0 |   0.0 |      24 |       0 |   0.0
        D:8 |     951 |     860 |  47.5 |      18 |       2 |  10.0
        D:9 |    1280 |     298 |  18.9 |      22 |       1 |   4.3
       D:10 |    3757 |       0 |   0.0 |      31 |       0 |   0.0
       D:11 |    5419 |    1019 |  15.8 |      44 |       1 |   2.2
       D:12 |    5586 |    1042 |  15.7 |      41 |       8 |  16.3
       D:13 |    8640 |    1815 |  17.4 |      36 |       2 |   5.3
       D:14 |    7013 |    6070 |  46.4 |      26 |      16 |  38.1
       D:15 |   10733 |    2308 |  17.7 |      32 |       3 |   8.6
     Lair:1 |    4160 |    1324 |  24.1 |      24 |       3 |  11.1
     Lair:2 |    3655 |    1189 |  24.5 |      19 |       6 |  24.0
     Lair:3 |    3581 |    2264 |  38.7 |      16 |       8 |  33.3
     Lair:4 |    5507 |    1922 |  25.9 |      22 |       5 |  18.5
     Lair:5 |   11516 |       0 |   0.0 |      37 |       0 |   0.0
     Lair:6 |    2759 |    2252 |  44.9 |       7 |       7 |  50.0
      IceCv |       0 |    6453 | 100.0 |       0 |      54 | 100.0
            +---------+---------+-------+---------+---------+-------
